cohdb
Replays
Latest Replays
All Replays
Popular Replays
Top Player Replays
Match Explorer
How It Works
Community
CoH3 Stats
Reddit
Sign in to upload your games and track your stats! →
Sign in with Steam
Match 42175028
Unlisted
Match 42175028
Overview
Messages
Build Orders
End
Selects Panzerjäger Kommand Battlegroup
Selects Mine Fields
Panzerpioneer Squad
250 Light Carrier
Panzergrenadier Squad
Construct Light Support Kompanie
Assault Grenadier Squad
Selects Tank Busters
MG34 Team
WadoVice
Onefiveseven
0
0
Comments
sign in to comment!
No comments posted yet!